 Dungeon Crawl Stone Soup version 0.19.5 (webtiles) character file.

764 miragecloak the Insei (level 7, 0/85 HPs)
             Began as a Naga Transmuter on Apr 24, 2017.
             Slain by an orc wizard
             ... wielding a +0 glaive
              (6 damage)
             ... on level 5 of the Dungeon.
             The game lasted 00:07:08 (4394 turns).

miragecloak the Insei (Naga Transmuter)             Turns: 4394, Time: 00:07:08

Health: 0/85       AC: 23    Str: 17 (19) XL:     7   Next: 81%
Magic:  10/10      EV:  1    Int: 13 (14) God:
Gold:   210        SH:  0    Dex: 10 (13) Spells: 2 memorised, 6 levels left

rFire  + . .     SeeInvis +       - Unarmed
rCold  + . .     Gourm    .     (armour currently unavailable)
rNeg   + + +     Faith    .     (no shield)
rPois  +         Spirit   .     (helmet currently unavailable)
rElec  +         Reflect  .     (cloak currently unavailable)
rCorr  +         Harm     .     (gloves currently unavailable)
MR     .....     NoTele   +     (no barding)
Stlth  +.........               (no amulet)
                                (no ring)
                                (no ring)

@: mighty, tree-form, resistant
A: (horns 0), see invisible, (deformed body), (poison resistance), (slowness 0),
slow metabolism 1, spit poison 1, strong 1, AC +2
a: Spit Poison


You were on level 5 of the Dungeon.
You were not hungry.
You were a tree.
You visited 1 branch of the dungeon, and saw 5 of its levels.

You collected 275 gold pieces.
You spent 65 gold pieces at shops.

Inventory:

Missiles
 a - 75 arrows
Armour
 b - a +0 robe (melded)
 t - a +0 pair of gloves (melded)
 u - a +0 cloak (melded)
Jewellery
 w - an uncursed ring of flight {unknown}
 G - an uncursed amulet of harm {unknown}
 H - an uncursed ring of ice {unknown}
Wands
 p - a wand of digging (14/24)
 A - a wand of paralysis (9/24)
 F - a wand of lightning (11/15)
Scrolls
 h - 7 scrolls of identify
 i - 2 scrolls of noise {unknown}
 k - 2 scrolls of magic mapping {unknown}
 l - 2 scrolls of teleportation
 n - a scroll of immolation {unknown}
 r - 2 scrolls of enchant weapon {unknown}
 y - a scroll of blinking {unknown}
 D - 2 scrolls of fear {unknown}
 E - 5 scrolls of remove curse
Potions
 e - 2 potions of degeneration
 j - a potion of lignification
 B - a potion of curing
Books
 c - a book of Changes

   Spells                             Type                      Level
   a - Beastly Appendage              Transmutation                1
   b - Sticks to Snakes               Transmutation                2
   c - Spider Form                    Transmutation/Poison         3
   d - Ice Form                       Ice/Transmutation            4
   e - Blade Hands                    Transmutation                5
 C - a book of Necromancy

   Spells                             Type                      Level
   a - Pain                           Necromancy                   1
   b - Animate Skeleton               Necromancy                   1
   c - Vampiric Draining              Necromancy                   3
   d - Regeneration                   Charms/Necromancy            3
   e - Animate Dead                   Necromancy                   4
   f - Control Undead                 Necromancy                   4
Comestibles
 d - 6 bread rations
 f - 2 fruits
 o - 3 meat rations
 x - 2 beef jerkies
 I - a slice of pizza
 J - 2 chunks of flesh


   Skills:
 - Level 1.0 Fighting
 - Level 1.5 Dodging
 + Level 7.8 Unarmed Combat
 - Level 2.0 Spellcasting
 - Level 4.0 Transmutations
 - Level 3.0 Poison Magic


You had 6 spell levels left.
You knew the following spells:

 Your Spells              Type           Power        Failure   Level  Hunger
a - Beastly Appendage     Tmut           ##....       6%          1    ##.....
b - Spider Form           Tmut/Pois      ##........   17%         3    ####...


Dungeon Overview and Level Annotations

Branches:
Dungeon (5/15)
 Temple: D:4-7

Altars:
Hepliaklqana
Kikubaaqudgha
Yredelemnul

Shops:
D:5 ?


Innate Abilities, Weirdness & Mutations

You cannot wear boots.
((Your serpentine skin is tough. (AC +2)))
You have supernaturally acute eyesight. (SInv)
((Armour fits poorly on your strangely shaped body.))
((Your system is resistant to poisons. (rPois)))
((You cover ground very slowly.))
You have a slow metabolism.
You can spit poison.
((You have a pair of small horns on your head.))
Your muscles are strong. (Str +2)


Message History

The orc wizard hits you but does no damage.
The orc wizard hits you but does no damage.
You completely miss the orc. Your punch misses the orc.
The orc wizard hits you but does no damage.
The orc hits you but does no damage.
You barely miss the orc.
The orc wizard hits you but does no damage.
You completely miss the orc.
The orc wizard hits you from afar with a glaive.
* * * LOW HITPOINT WARNING * * *
The orc hits you but does no damage.
You smack the orc!
You kill the orc!
The orc wizard hits you but does no damage.
The orc hits you but does no damage.
You pummel the orc!!
You kill the orc!
The orc wizard barely misses you.
The orc wizard hits you from afar with a glaive.
You die...

#.....'......#.......#.......
#.....#......#.....<.#...(...
#.....#......#.......#.......
#.....#......#########.......
#######..............##+####'
#....∩#....).........#.......
#.....#.....)........+.......
#.....#......).......#.......
#.....#.....♣).......#.......
#.....'.......o......#.......
#.....#..............###+####
#.....#..............
#.....#......########
#.....#......#
#.....#......#......+
#.....#......#......# .....
##+####......#......# .....


You could see an orc wizard.

Vanquished Creatures
  Duvessa (D:5)
  An ogre (D:4)
  A centaur (D:5)
  Dowan (D:5)
  4 orc priests
  A hound (D:4)
  A bullfrog skeleton (D:4)
  Jessica (D:2)
  Terence (D:2)
  2 worker ants (D:5)
  A hound skeleton (D:4)
  6 adders
  2 oozes
  A worm (D:3)
  2 dart slugs
  2 leopard geckos
  13 orcs
  2 giant cockroaches
  7 goblins
  6 hobgoblins
  9 jackals
  3 quokkas
  5 bats
  6 frilled lizards
  A jackal skeleton (D:5)
  8 kobolds
  A quokka skeleton (D:4)
  11 rats
100 creatures vanquished.

Notes
Turn   | Place    | Note
-------+----------+-------------------------------------------
     0 | D:1      | miragecloak the Naga Transmuter began the quest for the Orb.
     0 | D:1      | Reached XP level 1. HP: 18/18 MP: 3/3
   215 | D:1      | Reached XP level 2. HP: 16/25 MP: 3/5
  1054 | D:1      | Reached XP level 3. HP: 25/31 MP: 4/6
  1109 | D:2      | Noticed Jessica
  1129 | D:2      | Killed Jessica
  1139 | D:2      | Learned a level 3 spell: Spider Form
  1343 | D:2      | Reached skill level 1 in Poison Magic
  1343 | D:2      | Reached XP level 4. HP: 31/38 MP: 7/7
  1344 | D:2      | Noticed Terence
  1354 | D:2      | Killed Terence
  1815 | D:2      | Found an ancient bone altar of Kikubaaqudgha.
  2068 | D:3      | Found a basalt altar of Yredelemnul.
  2284 | D:4      | Reached XP level 5. HP: 43/44 MP: 4/8
  2412 | D:3      | Reached skill level 4 in Unarmed Combat
  2458 | D:3      | Found a hazy altar of Hepliaklqana.
  2736 | D:3      | Reached XP level 6. HP: 45/51 MP: 5/9
  3017 | D:4      | Reached skill level 5 in Unarmed Combat
  3764 | D:4      | Reached skill level 6 in Unarmed Combat
  3765 | D:4      | Reached XP level 7. HP: 52/57 MP: 4/10
  3913 | D:5      | Entered Level 5 of the Dungeon
  4168 | D:5      | Reached skill level 7 in Unarmed Combat
  4312 | D:5      | Found Ocanloegh's Magic Scroll Shop.
  4317 | D:5      | Bought a scroll of remove curse for 39 gold pieces
  4317 | D:5      | Bought a scroll of identify for 26 gold pieces
  4334 | D:5      | Noticed Dowan
  4335 | D:5      | Noticed Duvessa
  4354 | D:5      | Killed Dowan
  4359 | D:5      | Killed Duvessa
  4366 | D:5      | HP: 4/85 [poisoned by Dowan]
  4367 | D:5      | Gained mutation: You have a pair of small horns on your head. [potion of mutation]
  4367 | D:5      | Gained mutation: Your muscles are strong. (Str +2) [potion of mutation]
  4394 | D:5      | Slain by an orc wizard

Skill      XL: |  1  2  3  4  5  6  7 |
---------------+----------------------+-----
Transmutations | 3 4 |  4.0
Poison Magic   | 1 3 |  3.0
Unarmed Combat | 4 6 7 |  7.8
Fighting       | |  1.0
Dodging        | |  1.5
Spellcasting   | |  2.0

Action                   |  1- 3 |  4- 6 |  7- 9 || total
-------------------------+-------+-------+-------++-------
Melee: Unarmed           |    85 |   175 |    48 ||   308
       Headbutt          |     9 |     4 |       ||    13
       Punch             |     4 |       |       ||     4
 Cast: Beastly Appendage |    18 |     9 |       ||    27
       Spider Form       |       |    31 |     8 ||    39
  Use: Potion            |       |       |     9 ||     9
       Scroll            |       |       |     1 ||     1
 Stab: Sleeping          |     1 |       |     2 ||     3
  Eat: Chunk             |     1 |    10 |     4 ||    15
       Fruit             |       |     1 |       ||     1
Armor: Robe              |     6 |    14 |       ||    20
       Skin              |       |     9 |    12 ||    21
Dodge: Dodged            |    35 |   126 |    39 ||   200
